 Dungeon Crawl Stone Soup version 0.27-a0-1365-ge71e8f7681 (webtiles) character file.

Game seed: 13178963881712196269

30979 Froggeryz the Nimble (level 13, -16/121 HPs)
             Began as an Octopode Berserker on June 28, 2021.
             Was a High Priest of Trog.
             Demolished by Snorg (19 damage)
             ... on level 4 of the Lair of Beasts.
             The game lasted 00:19:33 (17441 turns).

Froggeryz the Nimble (Octopode Berserker)          Turns: 17441, Time: 00:19:34

Health: -16/121    AC:  2    Str: 24    XL:     13   Next: 55%
Magic:  13/13      EV: 20    Int: 13    God:    Trog [*****.]
Gold:   786        SH: 12    Dex: 15    Spells: 12/12 levels left

rFire    . . .     SeeInvis +   c - +4 short sword (freeze)
rCold    . . .     Faith    .   n - +1 buckler {reflect}
rNeg     . . .     Spirit   .   H - +1 hat
rPois    .         Reflect  +   O - amulet of reflection
rElec    .         Harm     .   r - ring of resist corrosion
rCorr    +         Rampage  .   f - +6 ring of strength
Will     .....                  j - ring of Emaeffost {Int+4 Slay+4}
Stlth    ..........             K - ring of see invisible
HPRegen  0.30/turn              (no ring)
MPRegen  0.13/turn              (no ring)
                                (no ring)
                                (no ring)

@: berserking, very quick
A: almost no armour, amphibious, 8 rings, camouflage 1, gelatinous body 1,
(nimble swimmer 1), tentacles
a: Renounce Religion, Berserk, Trog's Hand, Brothers in Arms


You were on level 4 of the Lair of Beasts.
You worshipped Trog.
Trog was extremely pleased with you.
You visited 3 branches of the dungeon, and saw 16 of its levels.

You collected 786 gold pieces.

Inventory:

Hand Weapons
 c - a +4 short sword of freezing (weapon)
 q - a +0 dagger of draining
 y - a +0 dagger of electrocution
Missiles
 b - 5 throwing nets
 w - 10 curare-tipped darts
 E - 4 boomerangs of dispersal
 L - 16 boomerangs
 N - 2 poisoned darts
 P - 5 silver boomerangs
Armour
 n - a +1 buckler of reflection (worn)
 H - a +1 hat (worn)
Jewellery
 f - a +6 ring of strength (right tentacle)
 j - the ring of Emaeffost (on tentacle) {Int+4 Slay+4}
   (You acquired it on level 6 of the Dungeon)

   [ring of slaying]

   Int:       It affects your intelligence (+4).
   Slay:      It affects your accuracy & damage with ranged weapons and melee
   (+4).
 r - a ring of resist corrosion (left tentacle)
 K - a ring of see invisible (on tentacle)
 O - an amulet of reflection (around mantle)
Wands
 o - a wand of polymorph (24)
 s - a wand of iceblast (19)
 t - a wand of acid (28)
 C - a wand of flame (11)
 D - a wand of charming (16)
 I - a wand of mindburst (6)
 R - a wand of paralysis (6)
Scrolls
 g - a scroll of magic mapping
 h - 3 scrolls of immolation
 i - 3 scrolls of vulnerability
 k - 5 scrolls of teleportation
 l - 7 scrolls of enchant weapon
 m - a scroll of torment
 v - a scroll of fear {unknown}
 A - 4 scrolls of enchant armour
 F - a scroll of fog
 G - a scroll of blinking
 Q - a scroll of silence
Potions
 a - 6 potions of curing
 d - 3 potions of lignification
 e - 7 potions of flight
 p - 4 potions of heal wounds
 u - a potion of attraction {unknown}
 x - 5 potions of haste {unknown}
 z - 3 potions of ambrosia {unknown}
 B - a potion of invisibility {unknown}
 M - 2 potions of might {unknown}


   Skills:
 - Level 5.1 Fighting
 - Level 11.0 Short Blades
 - Level 5.0 Throwing
 + Level 13.7 Dodging
 * Level 13.7 Stealth
 - Level 8.2 Shields
 + Level 3.2 Evocations


You had 12 spell levels left.
You didn't know any spells.
Your spell library was empty.

Dungeon Overview and Level Annotations

Branches:
Dungeon (11/15)            Temple (1/1) D:4            Lair (4/6) D:10
  Swamp (0/4) Lair:4        Snake (0/4) Lair:4
    Orc: D:9-12

Altars:
Dithmenos
Elyvilon
Gozag
Hepliaklqana
Kikubaaqudgha
Nemelex Xobeh
Okawaru
Ru
Trog
Uskayaw
Wu Jian
Xom
Zin
The Shining One
Jiyva

Annotations:
D:7 2 transporters
Lair:1 2 transporters
Lair:4 Snorg


Innate Abilities, Weirdness & Mutations

You cannot wear most types of armour.
You are amphibious.
You can wear up to eight rings at the same time.
Your skin changes colour to match your surroundings (Stealth+).
Your rubbery body absorbs attacks. (AC +1, EV +1)
((You are camouflaged near water. (Stealth+)))
You have tentacles for arms and can constrict up to eight enemies at once.


Message History

The helpless bullfrog fails to defend itself.
You stick the bullfrog like a pincushion!!!!
The bullfrog seems to slow down.
You freeze the bullfrog!
You kill the bullfrog!
Trog accepts your kill.
Snorg the Insatiable comes into view.
Snorg is nearby!
Snorg is nearby!
Snorg shouts!
Snorg barely misses you. Snorg completely misses you. Snorg claws you!
A red film seems to cover your vision as you go berserk!
You feel yourself moving faster!
You feel mighty! Snorg completely misses you. Snorg misses you.
Snorg claws you!
You puncture Snorg! You freeze Snorg. Your squeeze misses Snorg.
Snorg is moderately wounded.
Snorg goes berserk!
You completely miss Snorg. Your squeeze misses Snorg.
Snorg is moderately wounded.
You puncture Snorg! You freeze Snorg. You squeeze Snorg!!
Snorg is heavily wounded.
Snorg bites you! Snorg claws you. Snorg claws you but does no damage.
You puncture Snorg! You freeze Snorg.
Snorg is severely wounded.
Snorg closely misses you. Snorg claws you!! x2
* * * LOW HITPOINT WARNING * * *
You closely miss Snorg. Your squeeze misses Snorg.
Snorg is severely wounded.
You puncture Snorg! You freeze Snorg.
Snorg is severely wounded.
Snorg bites you!
* * * LOW HITPOINT WARNING * * *
Snorg completely misses you. You block Snorg's attack.
You hit Snorg. You freeze Snorg.
Snorg is almost dead.
You puncture Snorg! You freeze Snorg.
Snorg is almost dead.
Snorg bites you!
* * * LOW HITPOINT WARNING * * *
Snorg claws you!!
You die...

###### #####..#.#
#.##......
###########........
##....#...#....#.#..
#.........P....##.#.
#.@.......P...#####
#T..###..##......#.
#P### ####.#.....#.
## ###......#.
###.#........
#.......#....
##.......#P#.#
#[.......#####
###...P..#


You could see Snorg (berserk).

Vanquished Creatures
  Josephine (Lair:4)
  4 hydras
  Harold (D:7)
  A two-headed ogre (D:8)
  Sonja (Lair:4)
  2 bog bodies (Lair:4)
  An ugly thing (D:7)
  A cyclops (D:11)
  3 black mambas
  Joseph (Lair:1)
  2 elephants (Lair:1)
  5 cane toads
  Maggie (D:9)
  A rime drake (Lair:3)
  4 komodo dragons
  A polar bear (Lair:3)
  5 trolls
  7 blink frogs
  A hornet (D:11)
  Sigmund (D:3)
  38 yaks
  6 wraiths
  2 basilisks (Lair:4)
  2 steam dragons
  Grum (D:9)
  4 vampire mosquitoes (D:11)
  4 swamp worms (Lair:4)
  Duvessa (D:4)
  10 water moccasins
  6 orc warriors
  A black bear (Lair:4)
  3 necrophages
  15 wolves
  3 ogres
  A centaur (D:8)
  A kobold brigand (D:10)
  A gnoll sergeant (D:10)
  12 bullfrogs
  2 scorpions
  A water moccasin skeleton (D:5)
  Dowan (D:4)
  13 wights
  3 killer bees (D:9)
  An electric eel (Lair:4)
  7 howler monkeys
  A lava snake (Lair:4)
  A bullfrog zombie (D:6)
  2 jellies
  5 centaur zombies
  6 orc priests
  A bullfrog skeleton (D:6)
  A gnoll shaman (D:7)
  3 hounds
  2 iguanas
  Natasha (thrice) (D:4)
  5 hell rats (Lair:3)
  14 orc wizards
  A killer bee zombie (D:6)
  4 howler monkey zombies
  14 gnolls
  4 adders
  A shadow imp (D:6)
  3 ufetubi
  38 orcs
  7 ball pythons
  9 bats
  7 endoplasms
  3 giant cockroaches (D:3)
  5 goblins
  3 hobgoblins
  13 kobolds
  2 quokkas
  2 frilled lizards
  4 rats
  A butterfly (Lair:4)
348 creatures vanquished.

Vanquished Creatures (others)
  A wizard (D:8)
  An orc (D:7)
  13 fungi
  50 plants
65 creatures vanquished.

Grand Total: 413 creatures vanquished

Notes
Turn   | Place    | Note
-------+----------+-------------------------------------------
     0 | D:1      | Froggeryz the Octopode Berserker began the quest for the
                  | Orb.
     0 | D:1      | Reached XP level 1. HP: 16/16 MP: 1/1
    99 | D:1      | Reached skill level 1 in Stealth
   132 | D:1      | Reached XP level 2. HP: 16/21 MP: 2/2
  1009 | D:1      | Found a faded altar of an unknown god.
  1124 | D:2      | Reached XP level 3. HP: 23/26 MP: 3/3
  1790 | D:3      | Reached XP level 4. HP: 19/31 MP: 4/4
  1909 | D:3      | Reached ** piety under Trog
  2176 | D:3      | Reached XP level 5. HP: 10/31 MP: 5/5
  2418 | D:3      | Noticed Sigmund
  2429 | D:3      | Killed Sigmund
  2430 | D:3      | Reached skill level 5 in Short Blades
  2430 | D:3      | Reached XP level 6. HP: 42/42 MP: 6/6
  3087 | D:3      | Found an opulent altar of Gozag.
  3146 | D:4      | Reached skill level 5 in Stealth
  3240 | D:4      | Found a staircase to the Ecumenical Temple.
  3259 | D:4      | Noticed Dowan
  3260 | D:4      | Noticed Duvessa
  3268 | D:4      | Killed Dowan
  3271 | D:4      | Killed Duvessa
  3272 | D:4      | Reached XP level 7. HP: 32/46 MP: 7/7
  3814 | D:4      | Noticed Natasha
  3823 | D:4      | Killed Natasha
  3825 | D:4      | Noticed Natasha
  3829 | D:4      | Killed Natasha
  3841 | D:4      | Noticed Natasha
  3853 | D:4      | Killed Natasha
  3987 | D:4      | Reached XP level 8. HP: 37/52 MP: 8/8
  4171 | Temple   | Entered the Ecumenical Temple
  4178 | D:5      | Entered Level 5 of the Dungeon
  4205 | D:5      | Found an ancient bone altar of Kikubaaqudgha.
  4207 | D:5      | Found an iron altar of Okawaru.
  4576 | D:5      | Found a shadowy altar of Dithmenos.
  4665 | D:5      | Found a sand-covered staircase.
  4965 | D:5      | Reached *** piety under Trog
  5655 | D:6      | Identified 2 scrolls of acquirement
  5655 | D:6      | Acquired the ring of Emaeffost {Int+4 Slay+4}
  5658 | D:6      | Acquired a +1 buckler of reflection
  5696 | D:6      | Reached skill level 1 in Shields
  6395 | D:7      | Reached XP level 9. HP: 56/56 MP: 9/9
  6526 | D:7      | Found a transporter.
  6539 | D:7      | Noticed Harold
  6542 | D:7      | Killed Harold
  6551 | D:7      | Noticed a brown ugly thing
  6561 | D:7      | Killed a brown ugly thing
  6722 | D:7      | Found an ornate altar of the Wu Jian Council.
  6733 | D:7      | Reached **** piety under Trog
  6922 | D:7      | Found a transporter.
  6953 | D:7      | Reached XP level 10. HP: 63/63 MP: 10/10
  6964 | D:7      | Found a sparkling altar of Nemelex Xobeh.
  6964 | D:7      | Found a white marble altar of Elyvilon.
  7126 | D:8      | Noticed a two-headed ogre
  7135 | D:8      | Killed a two-headed ogre
  7136 | D:8      | Reached skill level 5 in Dodging
  7245 | D:8      | Found a hide-covered altar of Uskayaw.
  7821 | D:8      | Found a sacrificial altar of Ru.
  7855 | D:8      | Reached skill level 10 in Short Blades
  7954 | D:8      | Found a glowing golden altar of the Shining One.
  8133 | D:8      | Found a bloodstained altar of Trog.
  8134 | D:8      | Noticed a wizard
  8139 | D:8      | Killed a wizard
  8637 | D:9      | Noticed Maggie
  8643 | D:9      | Killed Maggie
  8644 | D:9      | Reached XP level 11. HP: 67/67 MP: 11/11
  8836 | D:9      | Found a hazy altar of Hepliaklqana.
  8837 | D:9      | Found a shimmering altar of Xom.
  9017 | D:9      | Noticed Grum
  9026 | D:9      | Killed Grum
  9256 | D:10     | Entered Level 10 of the Dungeon
  9311 | D:10     | Found a staircase to the Lair.
  9349 | D:10     | Reached ***** piety under Trog
 10232 | D:11     | Reached skill level 1 in Throwing
 10232 | D:11     | Reached skill level 10 in Dodging
 10460 | D:11     | Noticed a cyclops
 10465 | D:11     | Killed a cyclops
 11233 | Lair:1   | Entered Level 1 of the Lair of Beasts
 11426 | Lair:1   | Found a transporter.
 11427 | Lair:1   | Found a transporter.
 11427 | Lair:1   | Noticed a boulder beetle
 11540 | Lair:1   | Reached XP level 12. HP: 72/72 MP: 12/12
 11829 | Lair:1   | Reached skill level 5 in Throwing
 11930 | Lair:1   | Noticed Joseph
 11939 | Lair:1   | Killed Joseph
 13570 | Lair:2   | Noticed a seven-headed hydra
 13583 | Lair:2   | Killed a seven-headed hydra
 13662 | Lair:2   | Reached skill level 5 in Fighting
 14947 | Lair:3   | Identified the +3 dagger of the Egg {vorpal, *Noise rC+
                  | Dex+7} (Trog gifted it to you on level 3 of the Lair of
                  | Beasts)
 14947 | Lair:3   | Received a gift from Trog
 14954 | Lair:3   | Reached skill level 10 in Stealth
 15091 | Lair:3   | Found the +14 obsidian axe {vorpal, Drain Fly SInv}
 15434 | Lair:3   | Reached XP level 13. HP: 79/81 MP: 13/13
 15994 | Lair:4   | Found a staircase to the Snake Pit.
 16231 | Lair:4   | Reached skill level 1 in Evocations
 16471 | Lair:4   | Noticed Sonja
 16536 | Lair:4   | Killed Sonja
 16779 | Lair:4   | Found a staircase to the Swamp.
 17164 | Lair:4   | Noticed Josephine
 17184 | Lair:4   | Killed Josephine
 17426 | Lair:4   | Noticed Snorg
 17441 | Lair:4   | HP: 3/121 [Snorg (17)]
 17441 | Lair:4   | Demolished by Snorg

Illustrated notes

Levels and vault maps discovered:
D:1:      evilmike_arrival_crescent, layout_basic,
          shapermc_ecumenical_altar_mp_vishouse
D:2:      layout_basic, serial_bayou_lagoon_a, minmay_pentomino_t4
D:3:      layout_basic, nicolae_gozag_cash_rules_everything_around_me,
          serial_forest, infiniplex_forest_clump_medium,
          infiniplex_forest_end_1, infiniplex_forest_clump_small,
          infiniplex_forest_split, infiniplex_forest_clump_cross, uniq_sigmund
D:4:      layout_cave_pools, temple_fountains, uniq_natasha, uniq_duvessa
D:5:      layout_basic, general_overflow_altar,
          chequers_temple_overflow_statue_of_worship,
          lightli_ossuary_entry_decrepit_ruins
D:6:      layout_basic
D:7:      gammafunk_cloud_chamber, layout_basic,
          gammafunk_temple_overflow_elements, nicolae_wu_jian_wuxing_cycle,
          uniq_harold
D:8:      layout_basic, trog_wizard, tso_metal_star,
          nicolae_overflow_crystal_walls, kennysheep_little_box
D:9:      layout_basic, regret_index_temple_of_mockery, uniq_maggie, uniq_grum
D:10:     layout_roguey, dpeg_oklobed_lair, st_stairs_12
D:11:     layout_rooms
Temple:   pf_slimified_temple
Lair:1:   gammafunk_boulding_lane, layout_chaotic_city,
          small_statue_intersection, infiniplex_staircase_pool_2,
          grunt_megastairs_4, uniq_joseph
Lair:2:   layout_chaotic_city, chequers_serial_rivers_micro_b
Lair:3:   layout_loops_ring, grunt_megastairs_1
Lair:4:   layout_misc_corridors, nicolae_swamp_entry_splash_gauntlet,
          dummy_snake_entry, amcnicky_mini_pool_medium, lemuel_fruit_fields,
          uniq_josephine, uniq_snorg, uniq_sonja

Skill      XL: |  1  2  3  4  5  6  7  8  9 10 11 12 13 |
---------------+----------------------------------------+-----
Stealth        | 1 2 3 4 5 7 8 11 13 | 13.7
Short Blades   | 4 5 6 7 9 10 11 | 11.0
Shields        | 3 8 |  8.2
Dodging        | 4 8 11 13 | 13.7
Throwing       | 4 5 |  5.0
Fighting       | 5 |  5.1
Evocations     | 3 |  3.2

Action                   |  1- 3 |  4- 6 |  7- 9 | 10-12 | 13-15 || total
-------------------------+-------+-------+-------+-------+-------++-------
Melee: Short sword       |    52 |    47 |   128 |   528 |   113 ||   868
       Constrict         |    12 |    11 |    26 |    67 |    15 ||   131
       Tentacles         |     6 |    13 |    29 |   151 |    31 ||   230
       Dagger            |       |       |       |    11 |       ||    11
Invok: Berserk           |       |     4 |     4 |     6 |     5 ||    19
       Trog's Hand       |       |     2 |       |       |       ||     2
Evoke: Wand              |       |       |       |     3 |     2 ||     5
  Use: Potion            |       |     1 |       |     3 |       ||     4
       Scroll            |       |       |    10 |     7 |     2 ||    19
 Stab: Sleeping          |     9 |     7 |    18 |    24 |    10 ||    68
       Distracted        |     1 |     1 |       |     3 |     1 ||     6
       Paralysed         |       |       |       |       |     1 ||     1
Armor: Skin              |     5 |     4 |     5 |     5 |     4 ||    23
Dodge: Dodged            |    14 |    25 |    57 |   195 |    28 ||   319
Block: Buckler           |       |       |     2 |   178 |    36 ||   216
       Reflection        |       |       |       |     2 |     2 ||     4

Table legend: (Time is in decaauts)
 A = Elapsed time spent in this place.
 B = Non-inter-level travel time spent in this place.
 C = Inter-level travel time spent in this place.
 D = Time resting spent in this place.
 E = Time spent auto-exploring this place.
 F = Levels seen in this place.
 G = Mean time per level.
                   A        B        C        D        E       F      G
               +--------+--------+--------+--------+--------+-----+--------+
         Total |  17268 |  16679 |    589 |   3535 |  10574 |  16 | 1079.2 |
       Dungeon |  11343 |  10953 |    390 |   1754 |   7460 |  11 | 1031.2 |
        Temple |      1 |      1 |      0 |      0 |      0 |   1 |    1.0 |
          Lair |   5923 |   5724 |    199 |   1780 |   3114 |   4 | 1480.8 |
               +--------+--------+--------+--------+--------+-----+--------+

Top non-repeatable levels by time:
  Lair:1: 1837 daAuts
  Lair:3: 1466 daAuts
  Lair:2: 1334 daAuts
  Lair:4: 1285 daAuts
     D:5: 1181 daAuts
    D:10: 1146 daAuts
     D:3: 1095 daAuts
     D:8: 1093 daAuts
     D:1: 1045 daAuts
     D:4: 1031 daAuts
     D:9: 1029 daAuts
     D:2: 1018 daAuts
     D:7: 956 daAuts
    D:11: 942 daAuts
     D:6: 803 daAuts
